 Dungeon Crawl Stone Soup version 0.29.1 (webtiles) character file.

Game seed: 10681530626935874697

192208 safid the Crack Shot (level 17, -5/160 HPs)
             Began as a Minotaur Hunter on Sept 13, 2022.
             Was the Champion of Okawaru.
             Killed by the raging water
             ... invoked by a water nymph
              (27 damage)
             ... on level 3 of the Shoals.
             The game lasted 01:11:18 (31628 turns).

safid the Crack Shot (Minotaur Hunter)             Turns: 31628, Time: 01:11:19

Health: -5/160     AC: 21    Str: 17    XL:     17   Next: 60%
Magic:  23/23      EV: 12    Int:  6    God:    Okawaru [******]
Gold:   423        SH:  0    Dex: 27    Spells: 16/16 levels left

rFire   + + +      SeeInvis .   P - +9 triple crossbow (venom)
rCold   x . .      Faith    .   (shield currently unavailable)
rNeg    . . .      Spirit   .   N - +0 fire dragon scales
rPois   +          Reflect  .   b - +0 hat of Cuisikh {rF++ Regen+}
rElec   .          Harm     .   J - +2 cloak {rCorr}
rCorr   +          Rampage  .   x - +0 pair of gloves
Will    +....                   K - +0 pair of boots
Stlth   +.........              s - amulet of regeneration
HPRegen 1.96/turn               j - ring of poison resistance
MPRegen 0.18/turn               H - +6 ring of dexterity

@: studying 3 skills, very slow
A: horns 2, retaliatory headbutt
}: 1/15 runes: serpentine
a: Renounce Religion, Heroism, Finesse, Duel


You were on level 3 of the Shoals.
You worshipped Okawaru.
Okawaru was exalted by your worship.
You visited 5 branches of the dungeon, and saw 29 of its levels.

You collected 2908 gold pieces.
You spent 2485 gold pieces at shops.

Inventory:

Hand Weapons
 P - a +9 triple crossbow of venom (weapon)
Missiles
 a - 5 curare-tipped darts
 f - 5 throwing nets
 r - 5 javelins
 t - 92 poisoned darts
Armour
 b - the +0 hat of Cuisikh (worn) {rF++ Regen+}
   (You bought it in a shop on level 10 of the Dungeon)

   rF:        It greatly protects you from fire.
   Regen:     It increases your rate of health regeneration.
 q - a +3 scale mail of willpower
 x - a +0 pair of gloves (worn)
 J - a +2 cloak of preservation (worn)
 K - a +0 pair of boots (worn)
 N - +0 fire dragon scales (worn)
Jewellery
 j - a ring of poison resistance (left hand)
 n - a ring of positive energy
 s - an amulet of regeneration (around neck)
 u - a ring of ice
 H - a +6 ring of dexterity (right hand)
Wands
 c - a wand of mindburst (33)
 h - a wand of flame (16)
 k - a wand of polymorph (11)
 m - a wand of roots (31)
 y - a wand of quicksilver (6)
 B - a wand of digging (7)
Scrolls
 d - 5 scrolls of teleportation
 e - 6 scrolls of magic mapping
 i - a scroll of silence
 v - a scroll of poison
 D - 4 scrolls of fear
 I - 2 scrolls of blinking
 T - a scroll of enchant armour
Potions
 l - 4 potions of flight
 o - a potion of cancellation
 p - 5 potions of haste
 w - 8 potions of curing
 z - 4 potions of lignification
 C - a potion of berserk rage
 E - 5 potions of might
 F - 2 potions of resistance
 L - a potion of invisibility
 M - a potion of heal wounds
 O - 2 potions of mutation
 S - 3 potions of ambrosia
Miscellaneous
 A - a condenser vane
 G - a lightning rod (4/4)


   Skills:
 + Level 16.8 Fighting
 - Level 26.0 Ranged Weapons
 - Level 18.0 Armour
 - Level 3.0 Dodging
 - Level 0.7 Stealth
 - Level 10.0 Invocations


You had 16 spell levels left.
You didn't know any spells.
Your spell library contained the following spells:

 Spells                   Type           Power      Damage    Failure   Level
 Apportation              Tloc           0%         N/A       77%         1
 Beastly Appendage        Tmut           0%         N/A       77%         1
 Magic Dart               Conj           0%         1d3       77%         1
 Necrotise                Necr           0%         1d4       77%         1
 Slow                     Hex            0%         N/A       77%         1
 Sting                    Tmut/Pois      0%         1d3       77%         1
 Poisonous Vapours        Pois/Air       0%         N/A       88%         2
 Searing Ray              Conj           0%         2d4       88%         2
 Wereblood                Tmut           0%         N/A       88%         2
 Confusing Touch          Hex            0%         N/A       98%         3
 Dazzling Flash           Conj/Hex       0%         N/A       98%         3
 Gell's Gravitas          Tloc           0%         N/A       98%         3
 Lesser Beckoning         Tloc           0%         N/A       98%         3
 Portal Projectile        Hex/Tloc       0%         N/A       98%         3
 Spider Form              Tmut/Pois      0%         N/A       98%         3
 Teleport Other           Tloc           0%         N/A       98%         3
 Vampiric Draining        Necr           0%         2d6       98%         3
 Corpse Rot               Necr/Pois/Air  0%         N/A       100%        4
 Dispel Undead            Necr           0%         3d6       100%        4
 Fulminant Prism          Conj/Hex       0%         3d6       100%        4
 Iskenderun's Mystic Bla  Conj/Tloc      0%         2d3       100%        4
 Olgreb's Toxic Radiance  Pois           0%         N/A       100%        4
 Blade Hands              Tmut           0%         N/A       100%        5
 Fireball                 Conj/Fire      0%         3d3       100%        5
 Iskenderun's Battlesphe  Conj           0%         2d6       100%        5
 Conjure Ball Lightning   Conj/Air       0%         3x3d6     100%        6
 Dispersal                Tloc           0%         N/A       100%        6
 Starburst                Conj/Fire      0%         6d3       100%        6
 Orb of Destruction       Conj           0%         9d5       100%        7
 Disjunction              Tloc           0%         N/A       100%        8
 Summon Small Mammal      Summ           Unusable   N/A       N/A         1
 Tukima's Dance           Hex            Unusable   N/A       N/A         3
 Death Channel            Necr           Unusable   N/A       N/A         6

Dungeon Overview and Level Annotations

Branches:
Dungeon (15/15)            Temple (0/1) D:5            Lair (5/5) D:10
 Shoals (3/4) Lair:3        Snake (4/4) Lair:2        Slime (0/5) Lair:4
    Orc (2/2) D:10            Elf (0/3) Orc:2        Vaults (0/5) D:14
 Depths (0/4) D:15

Altars:
Ashenzari
Cheibriados
Elyvilon
Makhleb
Nemelex Xobeh
Okawaru
Qazlal
Trog
Wu Jian
Yredelemnul
Jiyva
Lugonu

Shops:
D:6 (   D:8 :*:!*   D:10 [   D:12 !(   Orc:1 =   Orc:2 =:==   Shoals:2 :
Snake:2 (?   Snake:4 !

Portals:
Abyss: Lair:5

Annotations:
D:4 1 runed translucent door, Crazy Yiuf
D:8 2 transporters, groovy9's ghost, novice TrFi
Lair:1 3 runed translucent doors, RePankoism's ghost, journeyman MiFi
Shoals:1 2 transporters, mortress's ghost, journeyman DrCA
Snake:2 2 transporters, Pooter's ghost, adept MiMo
Orc:1 8 transporters


Innate Abilities, Weirdness & Mutations

You have a pair of horns on your head.
You reflexively headbutt those who attack you in melee.


Message History

You are no longer entranced.
You kill the merfolk avatar!
Okawaru accepts your kill.
The drowned soul returns to the deep!
The merfolk hits you but does no damage.
Fire: P) +9 triple crossbow (venom)
Press: ? - help, Q - select action, (/) - cycle Shift-Dir - straight line, f - merfolk
Aim: a merfolk, wielding a +0 trident (77% to hit)
You shoot a bolt. The bolt hits the merfolk!
The merfolk is poisoned.
The merfolk is lightly wounded.
The merfolk hits you with a +0 trident.
* * * LOW HITPOINT WARNING * * *
Fire: P) +9 triple crossbow (venom)
Press: ? - help, Q - select action, (/) - cycle Shift-Dir - straight line, f/p - merfolk
Aim: a merfolk, wielding a +0 trident (lightly wounded, very poisoned, 77% to hit)
You shoot a bolt. The bolt hits the merfolk!!
The merfolk looks as sick as possible!
The merfolk is severely wounded.
The merfolk barely misses you. You furiously retaliate!
You headbutt the merfolk! The merfolk barely misses you.
You furiously retaliate!
You headbutt the merfolk!
You kill the merfolk!
Okawaru accepts your kill.
You enter the shallow water.
Moving in this stuff is going to be slow.
A water nymph comes into view.
The water nymph flows with the water.
You enter the shallow water.
Moving in this stuff is going to be slow.
The water nymph touches you. The water nymph drowns you!
* * * LOW HITPOINT WARNING * * *
The water nymph attacks as you move away!
The water nymph touches you. The water nymph drowns you!
* * * LOW HITPOINT WARNING * * *
Splash!
You fall into the shallow water.
Moving in this stuff is going to be slow.
The water nymph points at you and mumbles some strange words.
The water swirls and strikes you!!
You die...

≈≈≈≈≈≈≈≈≈≈≈≈≈≈≈
≈≈PPP≈≈≈≈≈≈≈≈≈≈≈
P~PPPPP~~≈≈≈≈≈≈≈
~P..~~P~~≈≈≈≈≈≈
~P...~..~P~≈≈≈≈
#......~~~≈≈≈
#..^<..P~≈≈≈ ~~
#.......~~≈≈ ~~>
#..@~.~..≈≈≈
..}####^.m~~≈.~≈≈≈
.........~.~~~~≈≈≈
#.~≈≈~....~~~≈≈≈≈ ~~.
#..~.....~≈~≈≈~≈≈
≈~.###..~~~...~~.~~~~≈
~...~≈≈.≈≈≈~..~≈~~~~~~
~~..~≈≈.≈≈≈~.≈≈≈~~.~~~
P~~.~...≈≈...~≈~.....~


You could see a water nymph.

Vanquished Creatures
  Vashnia (Snake:4)
  Jorgrun (D:14)
  4 nagarajas (Snake:4)
  Aizul (Shoals:3)
  Nessos (Lair:3)
  A merfolk javelineer (Shoals:1)
  A merfolk impaler (Shoals:1)
  An ettin (Orc:1)
  A rakshasa (D:14)
  4 boulder beetles
  3 ogre magi
  3 salamander tyrants
  A merfolk aquamancer (Shoals:1)
  12 anacondas
  4 merfolk avatars
  10 naga warriors
  5 hydras
  3 centaur warriors
  13 two-headed ogres
  Erica (D:11)
  2 tengu warriors
  5 death yaks (Lair:3)
  3 thrashing horrors (Lair:5)
  17 naga sharpshooters
  6 shock serpents
  6 salamander mystics
  9 sea snakes
  6 naga ritualists
  2 deep trolls (Orc:2)
  A wizard (D:15)
  2 orc knights (D:10)
  2 deep elf pyromancers (D:12)
  8 mana vipers
  A necromancer (D:14)
  A wolf spider (D:15)
  3 harpies (Shoals:1)
  25 ugly things
  4 cyclopes
  7 manticores
  17 elephants
  20 salamanders
  3 fauns (Shoals:1)
  2 large abominations (Lair:5)
  4 merfolk sirens
  32 black mambas
  A water nymph (Shoals:2)
  7 guardian serpents
  A torpor snail (Lair:4)
  6 cane toads
  16 naga magi
  A gargoyle (D:13)
  3 smoke demons (Lair:5)
  4 rime drakes
  Psyche (D:11)
  2 kobold demonologists
  An efreet (D:13)
  An unseen horror (D:11)
  6 komodo dragons
  A yaktaur (shapeshifter) (Lair:5)
  2 ancient zymes (Lair:5)
  16 trolls
  14 merfolk
  A meliai (shapeshifter) (Lair:5)
  A hornet (D:7)
  A polar bear (Lair:5)
  8 slime creatures
  A wind drake (Shoals:1)
  5 snapping turtles
  16 dream sheep (Lair:5)
  22 blink frogs
  A shadow (D:11)
  50 yaks
  2 ynoxinuls (Lair:5)
  A culicivora (shapeshifter) (D:15)
  2 vampires
  A fire bat (shapeshifter) (D:15)
  A wraith (D:12)
  Eustachio (D:4)
  2 water elementals
  3 wyverns
  8 basilisks
  5 vampire mosquitoes
  3 steam dragons
  32 nagas
  An acid dragon (D:13)
  11 water moccasins
  A meliai simulacrum (D:11)
  9 orc warriors
  2 black bears
  4 sky beasts
  24 ogres
  25 wolves
  5 centaurs
  2 phantoms
  14 kobold brigands (D:9)
  Blork the orc (D:4)
  A scorpion (D:4)
  2 necrophages
  9 bullfrogs
  3 gnoll sergeants
  11 small abominations (Lair:5)
  3 electric eels
  5 howler monkeys
  A crimson imp (D:11)
  9 hounds
  15 orc priests
  3 jellies
  3 gnoll boudas
  Terence (D:3)
  2 iguanas
  15 orc wizards
  Robin (D:3)
  23 gnolls
  12 adders
  A shadow imp (D:8)
  A white imp (D:11)
  2 ufetubi
  A worm (D:4)
  60 orcs
  8 bats
  11 endoplasms
  A giant cockroach (D:2)
  15 goblins
  16 hobgoblins
  3 jackals (D:1)
  20 kobolds
  2 quokkas
  6 ball pythons
  9 frilled lizards
  A rat (D:1)
  A butterfly (Lair:5)
885 creatures vanquished.

Vanquished Creatures (others)
  A blink frog (Lair:3)
  A gnoll (D:9)
  12 bushes (D:15)
  29 fungi
  69 plants
112 creatures vanquished.

Grand Total: 997 creatures vanquished

Notes
Turn   | Place    | Note
-------+----------+-------------------------------------------
     0 | D:1      | safid the Minotaur Hunter began the quest for the Orb.
     0 | D:1      | Reached XP level 1. HP: 18/18 MP: 0/0
   316 | D:1      | Reached XP level 2. HP: 25/25 MP: 1/1
   810 | D:2      | Reached XP level 3. HP: 31/31 MP: 2/2
   901 | D:2      | Found an iron altar of Okawaru.
   911 | D:2      | Became a worshipper of Warmaster Okawaru
  1124 | D:2      | Reached skill level 5 in Ranged Weapons
  1549 | D:3      | Reached XP level 4. HP: 32/40 MP: 3/3
  1709 | D:3      | Noticed Terence
  1725 | D:3      | Killed Terence
  1900 | D:3      | Found a faded altar of an unknown god.
  2114 | D:3      | Noticed Robin
  2124 | D:3      | Killed Robin
  2125 | D:3      | Reached skill level 1 in Armour
  2150 | D:2      | Reached XP level 5. HP: 19/47 MP: 4/4
  2513 | D:4      | Noticed an ogre
  2523 | D:4      | Killed an ogre
  2523 | D:4      | Reached * piety under Okawaru
  2524 | D:4      | Reached skill level 5 in Fighting
  2524 | D:4      | Reached XP level 6. HP: 43/56 MP: 5/5
  2679 | D:4      | Reached skill level 6 in Ranged Weapons
  2835 | D:4      | Noticed Blork the orc
  2840 | D:4      | Killed Blork the orc
  3000 | D:4      | Found a runed translucent door.
  3001 | D:4      | Noticed Crazy Yiuf
  3031 | D:4      | Noticed Eustachio
  3041 | D:4      | Killed Eustachio
  3042 | D:4      | Reached XP level 7. HP: 62/62 MP: 6/6
  3077 | D:4      | Reached ** piety under Okawaru
  3535 | D:5      | Entered Level 5 of the Dungeon
  3535 | D:5      | Noticed a steam dragon
  3540 | D:5      | Killed a steam dragon
  3541 | D:5      | Reached skill level 7 in Ranged Weapons
  3567 | D:5      | Reached skill level 5 in Armour
  3603 | D:5      | Found an ornate altar of the Wu Jian Council.
  3614 | D:5      | Found a snail-covered altar of Cheibriados.
  3639 | D:5      | Reached XP level 8. HP: 73/73 MP: 7/7
  3915 | D:5      | Found a staircase to the Ecumenical Temple.
  4438 | D:6      | Found Senkojos's Hydra Hut.
  4438 | D:6      | Noticed a six-headed hydra
  4482 | D:6      | Reached skill level 8 in Ranged Weapons
  4788 | D:6      | Reached *** piety under Okawaru
  5991 | D:6      | Reached XP level 9. HP: 41/75 MP: 3/8
  6726 | D:7      | Reached skill level 9 in Ranged Weapons
  7544 | D:7      | Reached **** piety under Okawaru
  7750 | D:8      | Found Jerat's General Store.
  7982 | D:8      | Found Mulonih's Distillery.
  8016 | D:8      | Noticed a kobold demonologist
  8025 | D:8      | Noticed a rust devil
  8025 | D:8      | Noticed a sixfirhy
  8026 | D:8      | Noticed a rust devil
  8325 | D:8      | Found a transporter.
  8333 | D:8      | Noticed groovy9's ghost (novice TrFi)
  8367 | D:8      | Bought 2 potions of curing for 84 gold pieces
  8367 | D:8      | Bought a potion of degeneration for 14 gold pieces
  8367 | D:8      | Bought a potion of heal wounds for 70 gold pieces
  8367 | D:8      | Bought a potion of cancellation for 112 gold pieces
  8413 | D:8      | Found Otzedaem's General Store.
  8421 | D:8      | Bought a scroll of identify for 26 gold pieces
  8421 | D:8      | Bought a scroll of identify for 26 gold pieces
  8426 | D:8      | Found Voneebb's Book Shoppe.
  8495 | D:8      | Found Usejokhle's Book Shoppe.
  8504 | D:8      | Killed a kobold demonologist
  8505 | D:8      | Reached skill level 10 in Fighting
  8519 | D:8      | Noticed a centaur warrior
  8527 | D:8      | Found a transporter.
  8639 | D:8      | Reached skill level 10 in Ranged Weapons
  8951 | D:8      | Reached XP level 10. HP: 52/93 MP: 5/9
  9131 | D:9      | Reached ***** piety under Okawaru
  9399 | D:9      | Reached skill level 10 in Armour
  9588 | D:8      | Reached skill level 11 in Ranged Weapons
 10898 | D:9      | Reached skill level 12 in Ranged Weapons
 10898 | D:9      | Reached skill level 1 in Invocations
 11215 | D:9      | Received a gift from Okawaru
 11884 | D:10     | Entered Level 10 of the Dungeon
 11962 | D:10     | Noticed an orc knight
 12083 | D:10     | Noticed a tengu warrior
 12083 | D:10     | Noticed a tengu warrior
 12102 | D:9      | Killed a tengu warrior
 12192 | D:10     | Killed a tengu warrior
 12193 | D:10     | Reached skill level 13 in Ranged Weapons
 12193 | D:10     | Reached skill level 5 in Invocations
 12193 | D:10     | Reached XP level 11. HP: 89/99 MP: 10/13
 12339 | D:10     | Found a broken altar of Ashenzari.
 12371 | D:10     | Found Teuc's Antique Armour Shop.
 12392 | D:10     | Killed an orc knight
 12456 | D:10     | Noticed an orc knight
 12470 | D:10     | Killed an orc knight
 12524 | D:10     | Found a staircase to the Orcish Mines.
 12662 | D:10     | Found a staircase to the Lair.
 13288 | D:10     | Noticed a red ugly thing
 13302 | D:10     | Killed a red ugly thing
 13613 | Lair:1   | Entered Level 1 of the Lair of Beasts
 13841 | Lair:1   | Reached skill level 14 in Ranged Weapons
 13989 | Lair:1   | Received a gift from Okawaru
 14027 | Lair:1   | Identified a scroll of acquirement
 14033 | Lair:1   | Acquired a +1 vorpal longbow
 14040 | Lair:1   | Found a white marble altar of Elyvilon.
 14197 | Lair:1   | Found a runed translucent gate.
 14388 | Lair:1   | Found a runed translucent gate.
 14388 | Lair:1   | Found a runed translucent gate.
 14390 | Lair:1   | Noticed a nine-headed hydra
 14390 | Lair:1   | Noticed an 11-headed hydra
 14390 | Lair:1   | Noticed RePankoism's ghost (journeyman MiFi)
 14849 | Lair:2   | Found a staircase to the Snake Pit.
 15022 | Lair:2   | Noticed an eight-headed hydra
 15025 | Lair:2   | Killed an eight-headed hydra
 15026 | Lair:2   | Reached skill level 15 in Ranged Weapons
 15175 | Lair:2   | Found a stormy altar of Qazlal.
 15464 | Lair:3   | Reached XP level 12. HP: 106/106 MP: 17/17
 15603 | Lair:3   | Reached skill level 16 in Ranged Weapons
 15994 | Lair:3   | Noticed Nessos
 16019 | Lair:3   | Killed Nessos
 16194 | Lair:3   | Noticed a five-headed hydra
 16202 | Lair:3   | Killed a five-headed hydra
 16390 | Lair:3   | Reached skill level 17 in Ranged Weapons
 16491 | Lair:3   | Found a staircase to the Shoals.
 16626 | Lair:4   | Noticed a death yak
 16626 | Lair:4   | Noticed a death yak
 16626 | Lair:4   | Noticed a death yak
 16626 | Lair:4   | Noticed a death yak
 16628 | Lair:4   | Noticed a death yak
 16639 | Lair:3   | Killed a death yak
 16787 | Orc:1    | Entered Level 1 of the Orcish Mines
 16796 | Orc:1    | Found Ilidiudgh's Jewellery Emporium.
 16816 | Orc:1    | Noticed an ettin
 16822 | Orc:1    | Killed an ettin
 16846 | Orc:1    | Found a transporter.
 16846 | Orc:1    | Noticed an ettin
 16847 | Orc:1    | Found a transporter.
 16849 | Orc:1    | Noticed a stone giant
 16958 | Orc:1    | Reached skill level 18 in Ranged Weapons
 17209 | Orc:1    | Found a transporter.
 17213 | Orc:1    | Found a transporter.
 17213 | Orc:1    | Found a transporter.
 17215 | Orc:1    | Found a sparkling altar of Nemelex Xobeh.
 17215 | Orc:1    | Noticed a juggernaut
 17222 | Orc:1    | Found a transporter.
 17223 | Orc:1    | Found a transporter.
 17228 | Orc:1    | Found a transporter.
 17501 | Orc:2    | Entered Level 2 of the Orcish Mines
 17513 | Orc:2    | Noticed a two-headed ogre
 17518 | Orc:2    | Killed a two-headed ogre
 17559 | Orc:2    | Found a staircase to the Elven Halls.
 17575 | Orc:2    | Noticed a two-headed ogre
 17577 | Orc:2    | Noticed a two-headed ogre
 17580 | Orc:2    | Killed a two-headed ogre
 17581 | Orc:2    | Noticed an ogre mage
 17582 | Orc:2    | Noticed a two-headed ogre
 17583 | Orc:2    | Killed a two-headed ogre
 17583 | Orc:2    | Reached ****** piety under Okawaru
 17583 | Orc:2    | Noticed a two-headed ogre
 17603 | Orc:2    | Noticed a two-headed ogre
 17619 | Orc:1    | Killed a two-headed ogre
 17619 | Orc:1    | Received a gift from Okawaru
 17620 | Orc:1    | Reached XP level 13. HP: 31/113 MP: 10/18
 17824 | Orc:2    | Reached skill level 19 in Ranged Weapons
 17929 | Orc:2    | Identified the +1 ring mail "Xaffua" {rPois} (Okawaru
                  | gifted it to you on level 2 of the Orcish Mines)
 17929 | Orc:2    | Received a gift from Okawaru
 17962 | Orc:2    | Reached skill level 20 in Ranged Weapons
 18153 | Orc:2    | Found Baer's Jewellery Shoppe.
 18155 | Orc:2    | Found Ohib's Jewellery Boutique.
 18157 | Orc:2    | Found Emenuweu's Book Shop.
 18159 | Orc:2    | Found Vumipseh's Jewellery Shop.
 19018 | Lair:4   | Reached skill level 21 in Ranged Weapons
 19429 | Lair:4   | Found a runed translucent door.
 19429 | Lair:4   | Found a viscous altar of Jiyva.
 19430 | Lair:4   | Found a staircase to the Slime Pits.
 19862 | Lair:5   | Entered Level 5 of the Lair of Beasts
 20210 | Lair:5   | Reached XP level 14. HP: 108/121 MP: 19/19
 20262 | Lair:5   | Received a gift from Okawaru
 20297 | Lair:5   | Reached skill level 22 in Ranged Weapons
 21659 | Lair:5   | Found a corrupted altar of Lugonu.
 21659 | Lair:5   | Found a one-way gate to the infinite horrors of the Abyss.
 22103 | D:11     | Received a gift from Okawaru
 22144 | D:10     | Bought a steaming hat for 297 gold pieces
 22144 | D:10     | Identified the +0 hat of Cuisikh {rF++ Regen+} (You bought
                  | it in a shop on level 10 of the Dungeon)
 22200 | D:8      | Bought a manual of Armour for 1040 gold pieces
 22383 | D:11     | Noticed Psyche
 22387 | D:11     | Killed Psyche
 22690 | D:11     | Noticed Erica
 22695 | D:11     | Killed Erica
 22856 | D:12     | Found Jarydwic's Distillery.
 23150 | D:12     | Found Koocuvecs's Weapon Shoppe.
 23459 | D:12     | Bought a potion of curing for 51 gold pieces
 23459 | D:12     | Bought a potion of curing for 51 gold pieces
 23697 | D:13     | Reached XP level 15. HP: 130/130 MP: 21/21
 23763 | D:13     | Reached skill level 10 in Invocations
 23825 | D:13     | Found a burning altar of Makhleb.
 24371 | D:14     | Found a gate to the Vaults.
 24469 | D:14     | Received a gift from Okawaru
 24697 | D:14     | Found a basalt altar of Yredelemnul.
 24890 | D:14     | Noticed Jorgrun
 24898 | D:14     | Killed Jorgrun
 25186 | D:15     | Entered Level 15 of the Dungeon
 25253 | D:15     | Reached skill level 23 in Ranged Weapons
 25270 | D:15     | Received a gift from Okawaru
 25622 | D:15     | Found a staircase to the Depths.
 26045 | Snake:1  | Entered Level 1 of the Snake Pit
 26196 | Snake:1  | Reached skill level 24 in Ranged Weapons
 26284 | Snake:1  | Identified the +3 kite shield of the Volcano {+Inv Str+4}
                  | (Okawaru gifted it to you on level 1 of the Snake Pit)
 26284 | Snake:1  | Received a gift from Okawaru
 26724 | Snake:2  | Found a transporter.
 26724 | Snake:2  | Found a transporter.
 26731 | Snake:2  | Noticed Pooter's ghost (adept MiMo)
 26810 | Snake:2  | Reached XP level 16. HP: 29/139 MP: 14/22
 27053 | Snake:2  | Reached skill level 25 in Ranged Weapons
 27109 | Snake:2  | Found a stormy altar of Qazlal.
 27290 | Snake:2  | Found Giklohept's Magic Scroll Shoppe.
 27294 | Snake:2  | Bought a scroll of teleportation for 48 gold pieces
 27294 | Snake:2  | Bought a scroll of teleportation for 48 gold pieces
 27294 | Snake:2  | Bought a scroll of fear for 64 gold pieces
 27294 | Snake:2  | Bought a scroll of enchant weapon for 120 gold pieces
 27296 | Snake:2  | Found Sitof's Antique Weapon Emporium.
 27906 | Snake:2  | Found a bloodstained altar of Trog.
 28000 | Snake:3  | Identified the +0 cloak of Dim Light {Dex+4} (Okawaru
                  | gifted it to you on level 3 of the Snake Pit)
 28000 | Snake:3  | Received a gift from Okawaru
 28005 | Snake:3  | HP: 6/139 [shock serpent/electric aura (2)]
 28363 | Snake:3  | Reached skill level 26 in Ranged Weapons
 28759 | Snake:3  | Found a bloodstained altar of Trog.
 28829 | Snake:4  | Entered Level 4 of the Snake Pit
 28829 | Snake:4  | Found Yqeth's Distillery.
 28899 | Snake:4  | Bought a potion of resistance for 140 gold pieces
 28899 | Snake:4  | Bought a potion of heal wounds for 70 gold pieces
 28899 | Snake:4  | Bought a potion of heal wounds for 70 gold pieces
 28899 | Snake:4  | Bought a potion of heal wounds for 70 gold pieces
 28899 | Snake:4  | Bought a potion of curing for 42 gold pieces
 28899 | Snake:4  | Bought a potion of curing for 42 gold pieces
 28968 | Snake:4  | Reached skill level 15 in Armour
 28976 | Snake:4  | Noticed Vashnia
 29110 | Snake:4  | Killed Vashnia
 29372 | Snake:4  | Acquired a manual of Transmutations
 29404 | Snake:4  | Reached XP level 17. HP: 152/152 MP: 23/23
 29753 | Snake:4  | Reached skill level 15 in Fighting
 30027 | Snake:4  | Got a serpentine rune of Zot
 30258 | Shoals:1 | Entered Level 1 of the Shoals
 30266 | Shoals:1 | Identified the +2 pair of boots of the Exiled Xenops {rF+
                  | Regen+ rCorr} (Okawaru gifted it to you on level 1 of the
                  | Shoals)
 30266 | Shoals:1 | Received a gift from Okawaru
 30516 | Shoals:1 | Found a transporter.
 30518 | Shoals:1 | Found a transporter.
 30519 | Shoals:1 | Noticed mortress's ghost (journeyman DrCA)
 31099 | Shoals:2 | Found Pafalooh's Vocational Training.
 31118 | Shoals:2 | Identified the +9 dagger "Juimiep" {chaos, Drain rElec
                  | Will++ Dex+2}
 31593 | Shoals:3 | Noticed Aizul
 31599 | Shoals:3 | Killed Aizul
 31628 | Shoals:3 | Killed from afar by a water nymph

Illustrated notes

Levels and vault maps discovered:
D:1:      saegor_arrival_fortress, layout_basic
D:2:      layout_loops_cross, basic_altar, amethyst_killhole, minmay_lizard_pond
D:3:      layout_rooms, hellmonk_ecumenical_altar_crossroads,
          nicolae_grassy_gnolls, uniq_terence, uniq_robin
D:4:      layout_cave_pods, st_stairs_1, chequers_serial_rivers_small_3,
          uniq_blork_the_orc, uniq_crazy_yiuf_cottage, uniq_eustachio
D:5:      layout_cave_pools, nicolae_overflow_squiral, minmay_temple_entry_ruins
D:6:      layout_gridville, doesnt_shop_hydraphobe
D:7:      hellmonk_ruined_rings, layout_loops_cross
D:8:      layout_rooms, gammafunk_ghost_arena, serial_shops,
          nicolae_shop_crystal, nicolae_square_shop, nicolae_shop_statue_plus,
          nicolae_diamond_shop, shop, kennysheep_generic_room_8
D:9:      layout_loops_ring, special_room [special_room_kobold], chequers_jeans
D:10:     layout_layer_cave, nicolae_overflow_hidden_temple, erik_lair_island,
          david_orc_5, serial_shops, shop
D:11:     layout_rooms, chequers_serial_rivers_micro_c, minmay_fire_ice_demons,
          uniq_psyche, uniq_erica
D:12:     layout_loops_ring, serial_shops, nicolae_shop_window_shopping,
          nicolae_shop_trees
D:13:     layout_long_grid, david_defended_altar_orc
D:14:     layout_loops_corners, david_vaults_1, yredelemnul_altar_generic,
          uniq_jorgrun
D:15:     hangedman_depths_entry_try_elsewhere_first, layout_loops_ring,
          serial_park_square1 [serial_park_minivault_5x5_5]
Lair:1:   beast_lair_carwin_large_3, layout_hall_layers, basic_altar,
          gammafunk_ghost_hydra_chop, dreamdust_gnoll_shepherd
Lair:2:   layout_small_grid, guppyfry_snake_entry_island, basic_altar,
          serial_bayou_shore_b
Lair:3:   layout_cave_pods, elwin_shoals_entry_stream, lemuel_fruit_tree,
          uniq_nessos
Lair:4:   layout_cave_pods, slime_entry_2, gauntlet_entry_generic,
          grunt_megastairs_3, lemuel_fruit_fields
Lair:5:   hellmonk_lair_end_abyssal_woods, layout_hall_layers,
          infiniplex_staircase_pool
Shoals:1: layout_shoals, ebering_ghost_davey_jones
Shoals:2: layout_shoals, nicolae_shop_vocational
Shoals:3: layout_shoals, hangedman_shoals_cup_caves, uniq_polyphemus, uniq_aizul
Snake:1:  layout_basic, serial_bayou_shore_a
Snake:2:  layout_chambers, gammafunk_ghost_wrathful_warriors, basic_altar,
          st_stairs_4, guppyfry_snake_island, minmay_shoptagon
Snake:3:  layout_misc_corridors, basic_altar, grunt_ministairs_13
Snake:4:  johnstein_snake_rune_scales, layout_rooms, serial_shops, shop,
          uniq_vashnia
Orc:1:    gammafunk_beogh_shrine, layout_caves, serial_shops, shop_statue,
          hellmonk_jugg_or_not
Orc:2:    st_orc_open, layout_caves

Skill      XL: |  1  2  3  4  5  6  7  8  9 10 11 12 13 14 15 16 17 |
---------------+----------------------------------------------------+-----
Fighting       | 3 4 5 7 8 10 11 12 14 16 | 16.8
Dodging        | 3 |  3.0
Ranged Weapons | 5 6 7 8 10 13 15 18 21 22 24 26 | 26.0
Armour         | 1 2 4 5 7 9 10 13 14 16 18 | 18.0
Invocations    | 5 8 9 10 | 10.0
Stealth        | |  0.7

Action                   |  1- 3 |  4- 6 |  7- 9 | 10-12 | 13-15 | 16-18 || total
-------------------------+-------+-------+-------+-------+-------+-------++-------
Melee: Shortbow          |       |       |     1 |       |       |       ||     1
 Fire: Shortbow          |   111 |   145 |   531 |   511 |       |       ||  1298
       Longbow           |       |       |       |   325 |   820 |       ||  1145
       Triple crossbow   |       |       |       |       |   396 |   553 ||   949
Throw: Javelin           |       |       |       |     2 |       |       ||     2
Invok: Heroism           |       |       |       |     9 |     7 |    10 ||    26
       Finesse           |       |       |       |     6 |     6 |     8 ||    20
  Use: Scroll            |       |       |    14 |    14 |    22 |     4 ||    54
       Potion            |       |       |       |     9 |     5 |     7 ||    21
Armor: Leather armour    |    12 |       |       |       |       |       ||    12
       Scale mail        |       |    43 |   215 |   254 |   378 |   125 ||  1015
       Fire dragon scale |       |       |       |       |       |    11 ||    11
Dodge: Dodged            |    34 |    59 |   243 |   343 |   412 |   153 ||  1244
